 Dungeon Crawl Stone Soup version 0.29.1-2-gbd0b4ee654 (webtiles) character file.

Game seed: 15594342284058766026

164 nshep25 the Gusty (level 5, -10/39 HPs)
             Began as a Draconian Air Elementalist on Oct 31, 2022.
             Killed by divine providence
             ... invoked by an orc priest
              (14 damage)
             ... on level 3 of the Dungeon.
             The game lasted 00:14:04 (3087 turns).

nshep25 the Gusty (Draconian Air Elementalist)      Turns: 3087, Time: 00:14:05

Health: -10/39     AC:  9    Str: 10    XL:     5   Next: 21%
Magic:  1/9        EV: 12    Int: 17    God:
Gold:   101        SH:  0    Dex: 12    Spells: 3/10 levels left

rFire   . . .      SeeInvis .   l - +1 quarterstaff (pain)
rCold   . . .      Faith    .   (shield currently unavailable)
rNeg    . . .      Spirit   .   (body armour unavailable)
rPois   .          Reflect  .   (helmet restricted)
rElec   .          Harm     .   (no cloak)
rCorr   .          Rampage  .   (no gloves)
Will    .....                   (no boots)
Stlth   ++........              (no amulet)
HPRegen 0.13/turn               b - +4 ring of protection
MPRegen 0.11/turn               (no ring)

@: no status effects
A: AC +5, unfitting armour, cold-blooded
a: no special abilities


You were on level 3 of the Dungeon.
You visited 1 branch of the dungeon, and saw 3 of its levels.

You collected 151 gold pieces.
You spent 50 gold pieces at shops.

Inventory:

Hand Weapons
 d - a +2 dagger of protection
 l - a +1 quarterstaff of pain (weapon)
Missiles
 c - 11 poisoned darts
Jewellery
 b - a +4 ring of protection (left hand)
 n - an amulet of faith
Wands
 m - a wand of charming (6)
Scrolls
 e - 2 scrolls of identify
 g - a scroll of immolation {unknown}
 h - a scroll of teleportation {unknown}
 i - a scroll of butterflies {unknown}
Potions
 a - a potion of magic
 f - 3 potions of curing
 j - a potion of lignification {unknown}
 k - a potion of might {unknown}
 o - a potion of berserk rage {unknown}
 p - a potion of heal wounds {unknown}


   Skills:
 + Level 0.4 Fighting
 + Level 0.1 Short Blades
 + Level 0.6 Staves
 + Level 2.4 Dodging
 + Level 2.3 Stealth
 + Level 3.1 Spellcasting
 + Level 1.9 Conjurations
 + Level 4.0 Air Magic


You had 3 spell levels left.
You knew the following spells:

 Your Spells              Type           Power      Damage    Failure   Level
a - Shock                 Conj/Air       48%        1d6       4%          1
b - Static Discharge      Conj/Air       12%        3-5/arc   8%          2
c - Airstrike             Air            8%         2d(2-18)  32%         4

Your spell library contained the following spells:

 Spells                   Type           Power      Damage    Failure   Level
 Swiftness                Air            16%        N/A       10%         3
 Dazzling Flash           Conj/Hex       12%        N/A       34%         3
 Iskenderun's Mystic Bla  Conj/Tloc      6%         2d4       75%         4
 Starburst                Conj/Fire      3%         6d3       100%        6


Dungeon Overview and Level Annotations

Branches:
Dungeon (3/15)

Altars:

Shops:
D:1 (*=   D:3 (*:


Innate Abilities, Weirdness & Mutations

Your plain brown scales are hard. (AC +5)
You cannot fit into any form of body armour.
You are cold-blooded and may be slowed by cold attacks.


Message History

You barely resist. The orc barely misses you.
You barely miss the orc.
Your tail-slap misses the orc.
The orc is heavily wounded.
The orc hits you but does no damage.
You closely miss the orc.
The orc is heavily wounded.
The orc barely misses you.
You hit the orc.
You kill the orc!
The orc priest misses you.
Casting: Static Discharge (safe; 8% risk of failure)
Confirm with . or Enter, or press ? or * to list all spells.
The orc priest is struck by an arc of lightning.
The orc priest is heavily wounded.
You are struck by an arc of lightning.
* * * LOW HITPOINT WARNING * * *
The lightning grounds out.
The orc priest hits you but does no damage.
You barely miss the orc priest.
The orc priest is heavily wounded.
The orc priest hits you but does no damage.
You barely miss the orc priest.
The orc priest is heavily wounded.
The orc priest calls down the wrath of Beogh upon you.
Pain shoots through your body!
* * * LOW HITPOINT WARNING * * *
Casting: Static Discharge (safe; 8% risk of failure)
Confirm with . or Enter, or press ? or * to list all spells.
Aiming: Shock (safe; 4% risk of failure)
Press: ? - help, Shift-Dir - straight line
Okay, then.
You barely miss the orc priest.
The orc priest is moderately wounded.
The orc priest hits you but does no damage.
You barely miss the orc priest.
The orc priest is moderately wounded.
The orc priest hits you but does no damage.
The orc priest invokes the aid of Beogh against you.
Beogh smites you!
You die...

#.##....#.###
#.##..###.#
#.#...###.#### ..
#............##...
###..####........#
##..# #.........
#...# ##.##.#.##
###.#.# #.##.# #
#.)@o.# #....#
#.###.#####)#....#
#.∩.∩.......#....#
#.........#####.##
##∩.∩..)#...# .#
#####.###..# #
#.## ...o ##.#
.....# ... ##....


You could see an orc priest.

Vanquished Creatures
  An orc priest (D:3)
  Jessica (D:2)
  An orc wizard (D:3)
  2 adders (D:2)
  A dart slug (D:1)
  8 orcs (D:3)
  2 bats
  2 endoplasms (D:2)
  5 giant cockroaches
  3 goblins
  4 hobgoblins
  5 jackals
  5 kobolds
  2 quokkas (D:1)
  4 ball pythons
  A frilled lizard (D:3)
  6 rats
53 creatures vanquished.

Vanquished Creatures (others)
  8 toadstools (D:3)
8 creatures vanquished.

Grand Total: 61 creatures vanquished

Notes
Turn   | Place    | Note
-------+----------+-------------------------------------------
     0 | D:1      | nshep25 the Draconian Air Elementalist began the quest for
                  | the Orb.
     0 | D:1      | Reached XP level 1. HP: 14/14 MP: 3/3
   200 | D:1      | Found Huluosoi's Weapon Shoppe.
   308 | D:1      | Reached XP level 2. HP: 17/20 MP: 0/5
   411 | D:1      | Found Emekk's Jewellery Shoppe.
   738 | D:1      | Found Osiulaa's General Store.
   744 | D:1      | Bought a scroll of identify for 20 gold pieces
   744 | D:1      | Bought a potion of curing for 30 gold pieces
  1192 | D:2      | Learned a level 2 spell: Static Discharge
  1301 | D:2      | Noticed Jessica
  1324 | D:2      | HP: 1/20 [Jessica/+0 dagger (1)]
  1325 | D:2      | Reached XP level 3. HP: 2/26 MP: 0/6
  1326 | D:2      | Killed Jessica
  1695 | D:2      | Reached XP level 4. HP: 31/33 MP: 0/8
  2178 | D:2      | Learned a level 4 spell: Airstrike
  2236 | D:2      | Found a faded altar of an unknown god.
  2468 | D:3      | Found Vudwedo's Vocational Training.
  2798 | D:3      | Found Kanys's General Store.
  2994 | D:3      | Found Caebreto's Antique Weapon Shoppe.
  3066 | D:3      | Reached skill level 4 in Air Magic
  3066 | D:3      | Reached XP level 5. HP: 29/39 MP: 0/9
  3087 | D:3      | Killed from afar by an orc priest

Illustrated notes

Levels and vault maps discovered:
D:1:      zaba_arrival_water, layout_basic, serial_shops, nicolae_square_shop,
          shop, shop
D:2:      layout_loops_ring, ebering_ecumenical_altar_box,
          minmay_worlds_worst_comb, uniq_jessica
D:3:      cheibrodos_fertilizer, layout_loops_ring, overflow_temple_1_default,
          serial_shops, nicolae_shop_competitors_out_of_business, shop,
          nicolae_square_shop, hangedman_glass_teeth, serial_park_tiny_2,
          nicolae_shop_vocational

Skill      XL: |  1  2  3  4 |
---------------+-------------+-----
Dodging        | 2 |  2.4
Stealth        | 2 |  2.3
Spellcasting   | 3 |  3.1
Air Magic      | 4 |  4.0
Fighting       | |  0.4
Short Blades   | |  0.1
Staves         | |  0.6
Conjurations   | |  1.9

Action                   |  1- 3 |  4- 6 || total
-------------------------+-------+-------++-------
Melee: Unarmed           |     9 |       ||     9
       Dagger            |     7 |     7 ||    14
       Quarterstaff      |       |    25 ||    25
       Tailslap          |       |     1 ||     1
 Cast: Shock             |    52 |    41 ||    93
       Static Discharge  |     6 |     8 ||    14
  Use: Potion            |     1 |       ||     1
 Stab: Sleeping          |       |     1 ||     1
Armor: Skin              |    18 |    21 ||    39
Dodge: Dodged            |    17 |    19 ||    36
